 Dungeon Crawl Stone Soup version 0.30.0-20-g3615ddf2f0 (webtiles) character file.

Game seed: 13663464493707795114

32569 qw the Cleaver (level 13, -7/82 HPs)
             Began as a Gargoyle Fighter on June 1, 2023.
             Was an Elder of Okawaru.
             Killed from afar by an oklob plant (22 damage)
             ... with a splash of acid
             ... on level 4 of the Lair of Beasts.
             The game lasted 00:06:32 (12978 turns).

qw the Cleaver (Gargoyle Fighter)                  Turns: 12978, Time: 00:06:32

Health: -7/82      AC: 32    Str: 26    XL:     13   Next: 65%
Magic:  19/20      EV:  9    Int:  5    God:    Okawaru [****..]
Gold:   1018       SH: 13    Dex: 11    Spells: 12/12 levels left

rFire   + + +        Y - +2 broad axe (elec)
rCold   . . .        l - +0 kite shield
rNeg    + . .        b - +0 plate armour
rPois   inf          (no helmet)
rElec   +            A - +0 cloak
rCorr   .            B - +0 pair of gloves
SInv    +            o - +2 pair of boots
Will    .....        w - amulet of faith Stlth
                     c - ring "Dut Acoi" {rF+ Int-3 Dex+6 SInv}
HPRegen 0.33/turn    y - ring "Uggaps" {Wiz +Blink rF++ Dex-4}
MPRegen 0.17/turn

%: faith, wizardry (x1)
@: heroic
A: sickness immunity, AC +9, negative energy resistance 1, electricity
resistance, torment resistance 1, petrification resistance
a: Renounce Religion, Evoke Blink, Heroism, Finesse


You were on level 4 of the Lair of Beasts.
You worshipped Okawaru.
Okawaru was greatly pleased with you.
You visited 3 branches of the dungeon, and saw 14 of its levels.

You collected 2079 gold pieces.
You spent 1061 gold pieces at shops.


Innate Abilities, Weirdness & Mutations

You are immune to sickness and miasma.
Your stone body is resilient. (AC +9)
You are immune to poison.
You resist negative energy. (rN+)
You are resistant to electric shocks. (rElec)
You are resistant to unholy torment.
You are immune to petrification.


   Skills:
 - Level 10.1(15.1) Fighting
 - Level 13.1(18.1) Axes
 - Level 4.0(9.0) Throwing
 + Level 9.0(14.0) Armour
 - Level 2.0(7.0) Dodging
 - Level 11.1(16.1) Shields
 - Level 10.0 Invocations


You had 12 spell levels left.
You didn't know any spells.
Your spell library was empty.

Inventory:

Hand Weapons
 f - a +0 morningstar
 Y - a +2 broad axe of electrocution (weapon)
Missiles
 g - 2 javelins
 t - 2 boomerangs (quivered)
Armour
 b - a +0 plate armour (worn)
 l - a +0 kite shield (worn)
 o - a +2 pair of boots (worn)
 q - a +0 chain mail of fire resistance
 r - +0 fire dragon scales
 A - a +0 cloak (worn)
 B - a +0 pair of gloves (worn)
Jewellery
 c - the ring "Dut Acoi" (left hand) {rF+ Int-3 Dex+6 SInv}
   (You found it on level 3 of the Dungeon)

   [ring of dexterity]

   Int:       It affects your intelligence (-3).
   Dex:       It affects your dexterity (+6).
   rF:        It protects you from fire.
   SInv:      It lets you see invisible.
 h - an amulet of reflection
 n - a ring of ice
 s - a ring of fire
 v - a ring of see invisible
 w - an amulet of faith (around neck)
 y - the ring "Uggaps" (right hand) {Wiz +Blink rF++ Dex-4}
   (You found it on level 2 of the Lair of Beasts)

   [ring of wizardry]

   It improves your spell success rate.
   Dex:       It affects your dexterity (-4).
   rF:        It greatly protects you from fire.
   +Blink:    It lets you blink.
Scrolls
 e - 7 scrolls of identify
Potions
 d - 3 potions of might
 i - 3 potions of attraction
 j - a potion of heal wounds
 k - 2 potions of lignification
 m - a potion of curing
 p - 3 potions of haste
 u - 3 potions of mutation
 x - 2 potions of resistance
 C - a potion of magic {unknown}

Dungeon Overview and Level Annotations

Branches:
Dungeon (9/15)             Temple (1/1) D:7            Lair (4/5) D:9
  Swamp (0/4) Lair:3       Spider (0/4) Lair:2        Slime (0/5) Lair:4
    Orc (0/2) D:9

Altars:
Ashenzari
Cheibriados
Dithmenos
Elyvilon
Gozag
Hepliaklqana
Kikubaaqudgha
Nemelex Xobeh
Okawaru
Qazlal
Ru
Sif Muna
Trog
Vehumet
Wu Jian
Xom
Yredelemnul
Zin
The Shining One

Shops:
D:3 =   D:4 (*   D:6 :   D:7 *

Portals:
Bailey: D:8

Annotations:
D:4 2 transporters, Menkaure


Message History

Enter note:
Enter note:
Enter note:
Enter note:
Enter note:
Enter note: The oklob plant spits acid at you.
The splash of acid hits you. The acid corrodes you!
The oklob plant spits acid at you. The splash of acid hits you!
The oklob plant spits acid at you.
The splash of acid hits you but does no damage.
You hit the oklob plant but do no damage.
You slash the oklob plant!
The oklob plant is moderately damaged.
You hit the oklob plant.
The oklob plant is moderately damaged.
The oklob plant spits acid at you.
The splash of acid hits you but does no damage.
The acid corrodes you!
You hit the oklob plant.
Lightning courses through the oklob plant!
The oklob plant is severely damaged.
The oklob plant spits acid at you. The splash of acid hits you!
You hit the oklob plant but do no damage.
Lightning courses through the oklob plant!
The oklob plant is almost destroyed.
The oklob plant spits acid at you.
The splash of acid hits you but does no damage.
The acid corrodes you! The oklob plant spits acid at you.
The splash of acid hits you!!
12978 ||| DRINKING potion of cancellation.
Your magical effects are unravelling.
You feel magically purged.
You are no longer corroded.
The oklob plant spits acid at you. The splash of acid hits you!!
You die...

###.............##
#................#
##P..............###
##................#
#................#
##..............##
#######..........#
#!P..$............#
#[$$|.@...........#
#P..:P...........##
#..$............P#
##
#P$!=....####.#....
.. #######.## ######
... #.# .#. #># #P
##.## ##P#... #P..P#
#......


You could see 4 oklob plants.

Vanquished Creatures
  Rupert (Lair:4)
  3 hydras
  A boulder beetle (Lair:3)
  2 two-headed ogres (D:9)
  3 death yaks (Lair:4)
  2 bog bodies (Lair:3)
  5 elephants (Lair:4)
  A black mamba (Lair:4)
  12 cane toads
  4 komodo dragons
  7 polar bears (Lair:4)
  Prince Ribbit (Lair:3)
  A hornet (D:9)
  17 blink frogs
  2 shadows (D:9)
  2 wraiths (D:9)
  36 yaks
  Sigmund (D:5)
  4 wyverns
  A basilisk (Lair:1)
  3 steam dragons
  5 swamp worms
  2 wargs (D:9)
  An orc warrior (D:7)
  12 water moccasins
  A sky beast (D:7)
  2 ice beasts (D:6)
  3 black bears
  2 ogres (D:4)
  14 wolves
  3 centaurs
  9 bullfrogs
  A kobold brigand (D:8)
  A scorpion (D:6)
  8 wights (D:9)
  8 killer bees
  An electric eel (Lair:3)
  6 howler monkeys
  A gnoll bouda (D:6)
  7 jellies
  4 hounds
  A sleepcap (D:6)
  6 iguanas
  8 adders
  9 gnolls
  A white imp (D:5)
  A dart slug (D:1)
  21 orcs
  9 ball pythons
  7 endoplasms
  6 giant cockroaches
  12 goblins
  3 hobgoblins
  6 jackals
  8 kobolds
  A quokka (D:3)
  4 bats
  2 frilled lizards (D:1)
  2 rats
307 creatures vanquished.

Notes
Turn   | Place    | Note
-------+----------+-------------------------------------------
     0 | D:1      | qw the Gargoyle Fighter began the quest for the Orb.
     0 | D:1      | Reached XP level 1. HP: 14/14 MP: 1/1
     0 | D:1      | 0 ||| qw: Version: 0.2-a-102-gfc559e5
     0 | D:1      | 0 ||| qw: Game counter: 635
     0 | D:1      | 0 ||| qw: Always use a shield: true
     0 | D:1      | 0 ||| qw: God list: Okawaru
     0 | D:1      | 0 ||| qw: Allow faded altars: false
     0 | D:1      | 0 ||| qw: Do Orc after D:15 true
     0 | D:1      | 0 ||| qw: Do second Lair branch before Depths: true
     0 | D:1      | 0 ||| qw: Lair rune preference: random
     0 | D:1      | 0 ||| qw: Plans: Normal, Zot:1-4, Slime:5, God:TSO, Crypt,
                  | Tomb, Pan, Hells, Abyss, Win
     0 | D:1      | 0 ||| PLANNING D:1-11
    20 | D:1      | 20 ||| Stepping ~*~*~tactically~*~*~ (hiding).
    32 | D:1      | Reached skill level 2 in Axes
   177 | D:1      | Reached XP level 2. HP: 19/19 MP: 2/2
   425 | D:1      | Found a faded altar of an unknown god.
   626 | D:1      | Reached skill level 3 in Axes
   892 | D:1      | 892 ||| UPGRADING to amulet of reflection.
   897 | D:1      | 897 ||| READING scroll labelled JUFEWN FYOLA.
   901 | D:1      | 901 ||| READING scroll labelled ZIAXAL ONGA.
   902 | D:1      | 902 ||| READING scroll labelled VYJOFF ETESAU.
   966 | D:2      | Reached XP level 3. HP: 22/23 MP: 3/3
  1023 | D:2      | 1023 ||| Stepping ~*~*~tactically~*~*~ (hiding).
  1690 | D:2      | Reached XP level 4. HP: 28/28 MP: 4/4
  1902 | D:2      | 1902 ||| UPGRADING to +0 kite shield.
  1912 | D:2      | 1912 ||| DROPPING +0 buckler.
  1913 | D:2      | 1913 ||| UPGRADING to +0 pair of boots.
  1918 | D:2      | 1918 ||| READING scroll labelled GUOGUD HOEK.
  2019 | D:2      | 2019 ||| READING 5 scrolls labelled MAOM ZOILLO.
  2020 | D:2      | 2020 ||| READING scroll labelled ZASUSUN LUIGOR.
  2021 | D:2      | 2021 ||| READING scroll labelled FUMNILIUMPE.
  2022 | D:2      | 2022 ||| READING scroll labelled IHUEMP QUKILL.
  2023 | D:2      | 2023 ||| DRINKING 2 cyan potions.
  2024 | D:2      | 2024 ||| READING 4 scrolls of identify.
  2024 | D:2      | 2024 ||| IDENTIFYING amethyst potion
  2025 | D:2      | 2025 ||| READING 3 scrolls of identify.
  2025 | D:2      | 2025 ||| IDENTIFYING bubbling brown potion
  2026 | D:2      | 2026 ||| DROPPING potion of berserk rage.
  2081 | D:3      | 2081 ||| STAIRDANCE
  2099 | D:2      | 2099 ||| DROPPING +0 mace.
  2113 | D:3      | Identified the ring "Dut Acoi" {rF+ Int-3 Dex+6 SInv}
  2127 | D:3      | Reached skill level 4 in Axes
  2213 | D:3      | Reached XP level 5. HP: 31/32 MP: 5/5
  2252 | D:3      | 2252 ||| DROPPING +0 flail.
  2502 | D:3      | Found Keiv's Jewellery Shoppe.
  2505 | D:3      | 2505 ||| SHOPLISTING ring of fire (325 gold, have 176).
  2505 | D:3      | 2505 ||| SHOPLISTING ring of positive energy (260 gold,
                  | have 176).
  2505 | D:3      | 2505 ||| SHOPLISTING ring of the Sun {rF+ Will+ rCorr Str+4
                  | Int+6} (904 gold, have 176).
  2586 | D:3      | 2586 ||| UPGRADING to ring "Dut Acoi" {rF+ Int-3 Dex+6
                  | SInv}.
  2587 | D:3      | 2587 ||| READING scroll labelled MOMING TEPH.
  2588 | D:3      | 2588 ||| READING 3 scrolls labelled JILIONT WEZI.
  2588 | D:3      | Identified 3 scrolls of acquirement
  2588 | D:3      | 2588 ||| ACQUIRING +0 broad axe of electrocution
  2588 | D:3      | Acquired a +0 broad axe of electrocution
  2590 | D:3      | 2590 ||| SWAPPING to +0 broad axe of electrocution.
  2591 | D:3      | 2591 ||| DROPPING +0 war axe.
  2592 | D:3      | 2592 ||| READING 2 scrolls of acquirement.
  2592 | D:3      | 2592 ||| ACQUIRING 721 gold pieces
  2592 | D:3      | Acquired 721 gold pieces
  2593 | D:3      | 2593 ||| READING scroll of acquirement.
  2593 | D:3      | 2593 ||| ACQUIRING 542 gold pieces
  2593 | D:3      | Acquired 542 gold pieces
  2595 | D:3      | 2595 ||| READING 3 scrolls of identify.
  2595 | D:3      | 2595 ||| IDENTIFYING red potion
  2596 | D:3      | 2596 ||| READING 2 scrolls of identify.
  2596 | D:3      | 2596 ||| IDENTIFYING green potion
  2650 | D:4      | Noticed an ogre
  2655 | D:4      | HP: 7/32 [ogre/+0 giant spiked club (25)]
  2656 | D:4      | 2656 ||| READING scroll of teleportation.
  2657 | D:4      | 2657 ||| DRINKING 2 potions of heal wounds.
  2658 | D:4      | Found an ornate altar of the Wu Jian Council.
  2701 | D:4      | Reached skill level 1 in Dodging
  2742 | D:4      | Found Awishriw's Antique Weapon Boutique.
  2747 | D:4      | 2747 ||| Stepping ~*~*~tactically~*~*~ (stealth).
  2857 | D:4      | Found Kaockiviu's Fire Supplies.
  2871 | D:4      | 2871 ||| BUYING +0 chain mail of fire resistance (126
                  | gold).
  2871 | D:4      | Bought a +0 chain mail of fire resistance for 126 gold
                  | pieces
  2871 | D:4      | 2871 ||| BUYING +0 fire dragon scales (660 gold).
  2871 | D:4      | Bought +0 fire dragon scales for 660 gold pieces
  2871 | D:4      | 2871 ||| BUYING ring of fire (275 gold).
  2871 | D:4      | Bought a ring of fire for 275 gold pieces
  2907 | D:4      | Reached skill level 1 in Throwing
  2920 | D:4      | 2920 ||| Stepping ~*~*~tactically~*~*~ (stealth).
  2921 | D:4      | 2921 ||| Stepping ~*~*~tactically~*~*~ (stealth).
  2927 | D:4      | Killed an ogre
  2928 | D:4      | Reached XP level 6. HP: 37/37 MP: 6/6
  2934 | D:4      | Found a sparkling altar of Nemelex Xobeh.
  3095 | D:4      | Found an ancient bone altar of Kikubaaqudgha.
  3095 | D:4      | Found a basalt altar of Yredelemnul.
  3096 | D:4      | Noticed Menkaure
  3141 | D:4      | Found a transporter.
  3154 | D:4      | Found a transporter.
  3231 | D:4      | 3231 ||| UPGRADING to +0 chain mail of fire resistance.
  3241 | D:4      | 3241 ||| DROPPING +0 scale mail.
  3242 | D:4      | 3242 ||| UPGRADING to amulet of faith.
  3252 | D:4      | 3252 ||| UPGRADING to ring of ice.
  3253 | D:4      | 3253 ||| READING scroll labelled CYTZIP JILOEX.
  3254 | D:4      | 3254 ||| READING scroll labelled IDIAGG EMOAN.
  3255 | D:4      | 3255 ||| READING 2 scrolls of identify.
  3255 | D:4      | 3255 ||| IDENTIFYING fuming amethyst potion
  3258 | D:5      | Entered Level 5 of the Dungeon
  3273 | D:5      | Reached skill level 5 in Axes
  3273 | D:5      | Reached XP level 7. HP: 30/41 MP: 7/7
  3388 | D:5      | Noticed Sigmund
  3389 | D:5      | 3389 ||| Stepping ~*~*~tactically~*~*~ (hiding).
  3397 | D:5      | Killed Sigmund
  3398 | D:5      | 3398 ||| FLEEEEING.
  3399 | D:5      | 3399 ||| FLEEEEING.
  3400 | D:5      | 3400 ||| FLEEEEING.
  3401 | D:5      | 3401 ||| FLEEEEING.
  3402 | D:5      | 3402 ||| FLEEEEING.
  3403 | D:5      | 3403 ||| FLEEEEING.
  3404 | D:5      | 3404 ||| FLEEEEING.
  3405 | D:5      | 3405 ||| FLEEEEING.
  3410 | D:5      | Reached skill level 6 in Axes
  3486 | D:5      | Reached skill level 6 in Shields
  3486 | D:5      | Reached XP level 8. HP: 46/48 MP: 8/8
  3702 | D:5      | Reached skill level 7 in Axes
  3914 | D:5      | 3914 ||| UPGRADING to +0 plate armour.
  3924 | D:5      | 3924 ||| REMOVING ring of ice.
  3965 | D:6      | 3965 ||| Stepping ~*~*~tactically~*~*~ (hiding).
  3977 | D:6      | Found Ladwunn's Book Boutique.
  4109 | D:6      | 4109 ||| STAIRDANCE
  4113 | D:6      | 4113 ||| STAIRDANCE
  4117 | D:6      | 4117 ||| STAIRDANCE
  4121 | D:6      | 4121 ||| STAIRDANCE
  4125 | D:6      | 4125 ||| STAIRDANCE
  4129 | D:6      | 4129 ||| STAIRDANCE
  4133 | D:6      | 4133 ||| STAIRDANCE
  4137 | D:6      | 4137 ||| STAIRDANCE
  4141 | D:6      | 4141 ||| STAIRDANCE
  4145 | D:6      | 4145 ||| STAIRDANCE
  4149 | D:6      | 4149 ||| STAIRDANCE
  4153 | D:6      | 4153 ||| STAIRDANCE
  4157 | D:6      | 4157 ||| STAIRDANCE
  4161 | D:6      | 4161 ||| STAIRDANCE
  4165 | D:6      | 4165 ||| STAIRDANCE
  4169 | D:6      | 4169 ||| STAIRDANCE
  4173 | D:6      | 4173 ||| STAIRDANCE
  4177 | D:6      | 4177 ||| STAIRDANCE
  4181 | D:6      | 4181 ||| STAIRDANCE
  4185 | D:6      | 4185 ||| STAIRDANCE
  4259 | D:5      | 4259 ||| READING scroll labelled CABBOD VECEAZ.
  4332 | D:6      | Found a bloodstained altar of Trog.
  4377 | D:6      | Identified the +4 mace of Crusades {venom, rF++ Will+
                  | Str-3}
  4545 | D:6      | Reached XP level 9. HP: 54/54 MP: 9/9
  4846 | D:6      | Reached skill level 8 in Axes
  4914 | D:6      | 4914 ||| READING scroll labelled MAN UWKUUTUD.
  4915 | D:6      | 4915 ||| READING 5 scrolls of identify.
  4915 | D:6      | 4915 ||| IDENTIFYING glowing sapphire potion
  4916 | D:6      | 4916 ||| READING 4 scrolls of identify.
  4916 | D:6      | 4916 ||| IDENTIFYING murky ruby potion
  4917 | D:6      | 4917 ||| READING 3 scrolls of identify.
  4917 | D:6      | 4917 ||| IDENTIFYING dark potion
  4918 | D:6      | 4918 ||| DROPPING potion of invisibility.
  4919 | D:6      | 4919 ||| DROPPING potion of flight.
  5147 | D:7      | Reached skill level 6 in Fighting
  5230 | D:7      | Found a staircase to the Ecumenical Temple.
  5231 | D:7      | 5231 ||| PLANNING TEMPLE
  5231 | D:7      | 5231 ||| DROPPING amulet of the acrobat.
  5232 | D:7      | 5232 ||| READING 2 scrolls of identify.
  5232 | D:7      | 5232 ||| IDENTIFYING fuming dark potion
  5241 | Temple   | Entered the Ecumenical Temple
  5423 | Temple   | 5423 ||| PLANNING OKAWARU WORSHIP
  5465 | Temple   | Became a worshipper of Warmaster Okawaru
  5465 | Temple   | 5465 ||| PLANNING D:1-11
  5600 | D:7      | HP: 12/55 [killer bee (5)]
  5601 | D:7      | 5601 ||| DRINKING 2 potions of heal wounds.
  5737 | D:7      | Found Ixoptij's Elemental Accessories.
  5987 | D:8      | 5987 ||| Stepping ~*~*~tactically~*~*~ (stealth).
  5991 | D:8      | Reached * piety under Okawaru
  6082 | D:8      | Reached skill level 1 in Invocations
  6208 | D:8      | 6208 ||| READING scroll of enchant armour.
  6208 | D:8      | 6208 ||| ENCHANTING +0 pair of boots.
  6385 | D:8      | Found a flagged portal.
  6470 | D:8      | Found a glowing golden altar of the Shining One.
  6471 | D:8      | 6471 ||| Stepping ~*~*~tactically~*~*~ (hiding).
  6582 | D:8      | 6582 ||| READING scroll labelled KONEACZ GUFISO.
  6700 | D:9      | 6700 ||| INVOKING Heroism.
  6704 | D:9      | Reached skill level 3 in Invocations
  6763 | D:9      | 6763 ||| Stepping ~*~*~tactically~*~*~ (stealth).
  6764 | D:9      | 6764 ||| Stepping ~*~*~tactically~*~*~ (stealth).
  6776 | D:9      | Reached XP level 10. HP: 52/60 MP: 11/13
  6776 | D:9      | Reached ** piety under Okawaru
  6777 | D:9      | Reached skill level 9 in Axes
  6888 | D:9      | 6888 ||| Stepping ~*~*~tactically~*~*~ (stealth).
  7000 | D:9      | 7000 ||| INVOKING Heroism.
  7009 | D:9      | Reached *** piety under Okawaru
  7012 | D:9      | Reached skill level 9 in Shields
  7022 | D:9      | Reached skill level 6 in Armour
  7106 | D:9      | Noticed a two-headed ogre
  7107 | D:9      | 7107 ||| INVOKING Heroism.
  7115 | D:9      | Killed a two-headed ogre
  7115 | D:9      | Reached **** piety under Okawaru
  7155 | D:9      | Found a staircase to the Lair.
  7187 | D:9      | Found a staircase to the Orcish Mines.
  7190 | D:9      | 7190 ||| INVOKING Heroism.
  7196 | D:9      | Reached skill level 10 in Axes
  7250 | D:9      | Reached XP level 11. HP: 50/67 MP: 14/14
  7307 | D:9      | Noticed a two-headed ogre
  7308 | D:9      | 7308 ||| Stepping ~*~*~tactically~*~*~ (hiding).
  7310 | D:9      | 7310 ||| INVOKING Heroism.
  7316 | D:9      | Killed a two-headed ogre
  7321 | D:9      | Reached ***** piety under Okawaru
  7323 | D:9      | Reached skill level 6 in Invocations
  7429 | D:9      | 7429 ||| Stepping ~*~*~tactically~*~*~ (stealth).
  7431 | D:9      | 7431 ||| Stepping ~*~*~tactically~*~*~ (hiding).
  7569 | D:9      | Received a gift from Okawaru
  7761 | D:9      | 7761 ||| PLANNING LAIR
  7761 | D:9      | 7761 ||| READING 3 scrolls of identify.
  7761 | D:9      | 7761 ||| IDENTIFYING lumpy white potion
  7762 | D:9      | 7762 ||| READING 2 scrolls of identify.
  7762 | D:9      | 7762 ||| IDENTIFYING yellow potion
  7763 | D:9      | 7763 ||| DROPPING potion of brilliance.
  7786 | Lair:1   | Entered Level 1 of the Lair of Beasts
  7787 | Lair:1   | 7787 ||| INVOKING Heroism.
  7827 | Lair:1   | 7827 ||| STAIRDANCE
  7862 | Lair:1   | 7862 ||| INVOKING Heroism.
  7887 | Lair:1   | 7887 ||| Stepping ~*~*~tactically~*~*~ (stealth).
  7892 | Lair:1   | 7892 ||| INVOKING Heroism.
  7900 | Lair:1   | Received a gift from Okawaru
  7906 | Lair:1   | Received a gift from Okawaru
  7907 | Lair:1   | Reached skill level 11 in Axes
  7953 | Lair:1   | 7953 ||| INVOKING Heroism.
  8022 | Lair:1   | 8022 ||| Stepping ~*~*~tactically~*~*~ (stealth).
  8023 | Lair:1   | 8023 ||| INVOKING Heroism.
  8135 | Lair:1   | Reached skill level 3 in Throwing
  8204 | Lair:1   | 8204 ||| READING scroll of enchant armour.
  8204 | Lair:1   | 8204 ||| ENCHANTING +1 pair of boots.
  8333 | Lair:1   | 8333 ||| INVOKING Heroism.
  8385 | Lair:1   | Reached skill level 9 in Invocations
  8529 | Lair:1   | 8529 ||| INVOKING Heroism.
  8539 | Lair:1   | Reached XP level 12. HP: 63/73 MP: 16/18
  8568 | Lair:1   | 8568 ||| INVOKING Heroism.
  8774 | Lair:1   | Identified the +1 chain mail of Bagap {Dex+2} (Okawaru
                  | gifted it to you on level 1 of the Lair of Beasts)
  8774 | Lair:1   | Received a gift from Okawaru
  9026 | Lair:1   | 9026 ||| DROPPING +1 chain mail of Bagap {Dex+2}.
  9027 | Lair:1   | 9027 ||| READING scroll labelled TUXI SOOTUPH.
  9095 | Lair:2   | 9095 ||| INVOKING Heroism.
  9195 | Lair:2   | 9195 ||| INVOKING Heroism.
  9316 | Lair:2   | 9316 ||| INVOKING Heroism.
  9745 | Lair:2   | Found a hole to the Spider Nest.
  9754 | Lair:2   | 9754 ||| INVOKING Heroism.
  9813 | Lair:2   | 9813 ||| INVOKING Heroism.
  9818 | Lair:2   | Reached skill level 9 in Fighting
  9863 | Lair:2   | 9863 ||| INVOKING Heroism.
  9881 | Lair:2   | Identified the ring "Uggaps" {Wiz +Blink rF++ Dex-4}
 10036 | Lair:2   | 10036 ||| UPGRADING to ring "Uggaps" {Wiz +Blink rF++
                  | Dex-4}.
 10058 | Lair:3   | 10058 ||| INVOKING Heroism.
 10063 | Lair:3   | 10063 ||| Stepping ~*~*~tactically~*~*~ (stealth).
 10148 | Lair:3   | Noticed Prince Ribbit
 10148 | Lair:3   | 10148 ||| Stepping ~*~*~tactically~*~*~ (stealth).
 10149 | Lair:3   | 10149 ||| INVOKING Heroism.
 10167 | Lair:3   | Killed Prince Ribbit
 10227 | Lair:3   | Noticed a boulder beetle
 10228 | Lair:3   | 10228 ||| INVOKING Heroism.
 10232 | Lair:3   | 10232 ||| Stepping ~*~*~tactically~*~*~ (stealth).
 10246 | Lair:3   | Reached skill level 12 in Axes
 10248 | Lair:3   | Killed a boulder beetle
 10377 | Lair:3   | 10377 ||| Stepping ~*~*~tactically~*~*~ (stealth).
 10382 | Lair:3   | 10382 ||| Stepping ~*~*~tactically~*~*~ (stealth).
 10453 | Lair:3   | 10453 ||| Stepping ~*~*~tactically~*~*~ (hiding).
 10561 | Lair:3   | 10561 ||| FLEEEEING.
 10562 | Lair:3   | 10562 ||| INVOKING Heroism.
 10642 | Lair:3   | 10642 ||| Stepping ~*~*~tactically~*~*~ (stealth).
 10650 | Lair:3   | 10650 ||| INVOKING Heroism.
 10710 | Lair:3   | 10710 ||| FLEEEEING.
 10711 | Lair:3   | 10711 ||| STAIRDANCE
 10746 | Lair:2   | 10746 ||| UPGRADING to +0 cloak.
 10753 | Lair:3   | 10753 ||| STAIRDANCE
 10758 | Lair:2   | Reached XP level 13. HP: 68/80 MP: 20/20
 10815 | Lair:3   | 10815 ||| INVOKING Heroism.
 10820 | Lair:3   | 10820 ||| SWAPPING to +0 morningstar.
 10824 | Lair:3   | 10824 ||| SWAPPING to +1 broad axe of electrocution.
 11383 | Lair:3   | 11383 ||| Stepping ~*~*~tactically~*~*~ (hiding).
 11389 | Lair:3   | 11389 ||| INVOKING Heroism.
 11509 | Lair:3   | 11509 ||| Stepping ~*~*~tactically~*~*~ (hiding).
 11512 | Lair:3   | 11512 ||| INVOKING Heroism.
 11557 | Lair:3   | Found a staircase to the Swamp.
 11627 | Lair:3   | 11627 ||| UPGRADING to +0 pair of gloves.
 11655 | Lair:4   | 11655 ||| INVOKING Heroism.
 11658 | Lair:4   | 11658 ||| SWAPPING to +0 morningstar.
 11679 | Lair:4   | 11679 ||| SWAPPING to +1 broad axe of electrocution.
 11826 | Lair:4   | Found a staircase to the Slime Pits.
 12001 | Lair:4   | 12001 ||| Stepping ~*~*~tactically~*~*~ (stealth).
 12009 | Lair:4   | Reached skill level 9 in Armour
 12014 | Lair:4   | 12014 ||| INVOKING Heroism.
 12022 | Lair:4   | Received a gift from Okawaru
 12217 | Lair:4   | 12217 ||| INVOKING Heroism.
 12233 | Lair:4   | 12233 ||| Stepping ~*~*~tactically~*~*~ (stealth).
 12237 | Lair:4   | 12237 ||| Stepping ~*~*~tactically~*~*~ (stealth).
 12281 | Lair:4   | 12281 ||| READING scroll of enchant weapon.
 12281 | Lair:4   | 12281 ||| ENCHANTING +1 broad axe of electrocution.
 12291 | Lair:4   | 12291 ||| INVOKING Heroism.
 12346 | Lair:4   | 12346 ||| INVOKING Heroism.
 12436 | Lair:4   | 12436 ||| Stepping ~*~*~tactically~*~*~ (stealth).
 12506 | Lair:4   | Noticed Rupert
 12507 | Lair:4   | 12507 ||| INVOKING Heroism.
 12510 | Lair:4   | 12510 ||| DRINKING 2 potions of curing.
 12510 | Lair:4   | 12510 ||| (to cure confusion)
 12513 | Lair:4   | 12513 ||| DRINKING potion of curing.
 12513 | Lair:4   | 12513 ||| (to cure confusion)
 12517 | Lair:4   | Killed Rupert
 12517 | Lair:4   | Received a gift from Okawaru
 12518 | Lair:4   | Reached skill level 13 in Axes
 12553 | Lair:4   | 12553 ||| INVOKING Finesse.
 12555 | Lair:4   | 12555 ||| INVOKING Heroism.
 12557 | Lair:4   | 12557 ||| SWAPPING to +0 morningstar.
 12569 | Lair:4   | 12569 ||| SWAPPING to +2 broad axe of electrocution.
 12634 | Lair:4   | 12634 ||| INVOKING Heroism.
 12642 | Lair:4   | HP: 19/82 [oklob plant/splash of acid (18)]
 12643 | Lair:4   | 12643 ||| READING scroll of teleportation.
 12644 | Lair:4   | 12644 ||| DRINKING 2 potions of heal wounds.
 12889 | Lair:4   | 12889 ||| FLEEEEING.
 12968 | Lair:4   | 12968 ||| INVOKING Heroism.
 12977 | Lair:4   | HP: 15/82 [oklob plant/splash of acid (26)]
 12978 | Lair:4   | 12978 ||| DRINKING potion of cancellation.
 12978 | Lair:4   | Killed from afar by an oklob plant

Levels and vault maps discovered:
D:1:      amcnicky_arrival_double_pillar, layout_loops_corners,
          hellmonk_ecumenical_altar_heavens_door
D:2:      layout_basic, minmay_vboxes
D:3:      layout_rooms, serial_shops, nicolae_shop_statue_plus,
          hangedman_decor_riveting
D:4:      layout_basic, nzn_wu_jian_contemplation,
          nemelex_xobeh_ov_fountains_minmay, gammafunk_temple_of_torment,
          serial_shops, nicolae_shop_crystal, nicolae_shop_fire_sale
          [nicolae_sub_dead_trees], hangedman_decor_slide_cut
D:5:      layout_basic, uniq_sigmund
D:6:      layout_basic, mainiacjoe_overflow_tiny_flanked, serial_shops, shop
D:7:      layout_basic, temple_hall, nicolae_elemental_shop,
          dreamdust_mushroom_princess
D:8:      layout_basic, tso_altar, enter_bailey_5, minmay_crystal_room
D:9:      layout_basic, minmay_lair_entry_grove, minmay_orc_entry_guard_dogs,
          hangedman_minor_gate_pass
Temple:   nicolae_temple_figure_eight
Lair:1:   layout_hall_layers, beast_lair_carwin_8, serial_bayou_shore_a,
          grunt_megastairs_4
Lair:2:   layout_regular_city, spider_nest_entry_web_field,
          bh_autumn_forest_stairs, worms_lemuel
Lair:3:   layout_regular_city, nicolae_swamp_entry_splash_gauntlet,
          uniq_prince_ribbit2
Lair:4:   minmay_lair_oklob_chamber, layout_cave_pods,
          nicolae_slime_entry_field_trip, beast_lair_carwin_7, uniq_nessos,
          uniq_rupert

Skill      XL: |  1  2  3  4  5  6  7  8  9 10 11 12 13 |
---------------+----------------------------------------+-----
Axes           | 2 3 4 5 6 7 8 10 11 12 13 | 13.1
Shields        | 4 5 6 7 8 9 10 11 | 11.1
Dodging        | 1 2 |  2.0
Throwing       | 1 2 3 4 |  4.0
Fighting       | 4 5 6 7 8 9 10 | 10.1
Armour         | 4 5 6 8 9 |  9.0
Invocations    | 4 9 10 | 10.0

Action                     |  1- 3 |  4- 6 |  7- 9 | 10-12 | 13-15 || total
---------------------------+-------+-------+-------+-------+-------++-------
  Melee: War axe           |   103 |    74 |       |       |       ||   177
         Broad axe         |       |    78 |   180 |   435 |   112 ||   805
         Morningstar       |       |       |       |       |    34 ||    34
  Throw: Boomerang         |       |    16 |    27 |    53 |    35 ||   131
         Javelin           |       |    10 |    20 |    35 |    18 ||    83
 Invoke: Heroism           |       |       |     1 |    23 |    12 ||    36
         Finesse           |       |       |       |       |     1 ||     1
    Use: Scroll            |     3 |    17 |     8 |     4 |     2 ||    34
         Potion            |       |     2 |     1 |       |     4 ||     7
 Armour: Scale mail        |    59 |    47 |       |       |       ||   106
         Chain mail        |       |    21 |    53 |       |       ||    74
         Plate armour      |       |       |    92 |   188 |   129 ||   409
  Dodge: Dodged            |    32 |    47 |    62 |   101 |    64 ||   306
  Block: Buckler           |    44 |     3 |       |       |       ||    47
         Kite shield       |       |   132 |   117 |   231 |   103 ||   583

Table legend:
 A = Non-vault XP
 B = Vault XP
 C = Vault XP percentage of total XP
 D = Non-vault monster count
 E = Vault monster count
 F = Vault count percentage of total count
                 A         B        C        D         E       F
            +---------+---------+-------+---------+---------+-------
      Total |   28685 |   17843 |  38.3 |     233 |      74 |  24.1
            +---------+---------+-------+---------+---------+-------
        D:1 |      31 |       0 |   0.0 |      18 |       0 |   0.0
        D:2 |      56 |      24 |  30.0 |      12 |       7 |  36.8
        D:3 |     102 |       0 |   0.0 |      24 |       0 |   0.0
        D:4 |     365 |       0 |   0.0 |      17 |       0 |   0.0
        D:5 |     923 |     214 |  18.8 |      13 |       1 |   7.1
        D:6 |     881 |       0 |   0.0 |      15 |       0 |   0.0
        D:7 |    1017 |       0 |   0.0 |      21 |       0 |   0.0
        D:8 |     368 |       7 |   1.9 |       9 |       4 |  30.8
        D:9 |    5262 |    3579 |  40.5 |      27 |      20 |  42.6
     Lair:1 |    5279 |    2897 |  35.4 |      22 |       9 |  29.0
     Lair:2 |    3911 |     487 |  11.1 |      17 |       3 |  15.0
     Lair:3 |    6053 |    3074 |  33.7 |      28 |      10 |  26.3
     Lair:4 |    4437 |    7561 |  63.0 |      10 |      20 |  66.7
            +---------+---------+-------+---------+---------+-------
